Stars vs Blues
(R1)
Created - May 3, 2023 at 19:32
Goals
|
| Stars |
0 |
3 |
1 |
4 |
| Blues |
0 |
0 |
2 |
2 |
|
Shots
|
| Stars |
4 |
11 |
11 |
26 |
| Blues |
5 |
10 |
12 |
27 |
|
1st period
No Goal
Penalties :
David Perron (Stl) for Hooking (Minor) at 5:35, Michael Grabner (Dal) for Interference (Minor) at 10:17, Andrej Sustr (Dal) for Tripping (Minor) at 15:39, Alex Pietrangelo (Stl) for High sticking (Minor) at 19:27
2nd period
1. Stars , Alex Chiasson 21 (Robert Nilsson 34, Boris Valabik 15) at 3:19
2. Stars , Michael Grabner 35 (John Tavares 58) at 5:57 (PP)
3. Stars , Brian Lee 8 (Michael Grabner 49, Matt Murray) at 18:05
Penalties :
Samuel Morin (Stl) for Roughing (Minor) at 5:56, John Tavares (Dal) for Holding (Minor) at 7:56, Adam Henrique (Stl) for Hooking (Minor) at 18:50
3rd period
4. Stars , Tobias Rieder 11 (Paul Ladue 18) at 3:49
5. Blues , Devin Shore 14 (Devin Setoguchi 15, Matt Martin 17) at 5:08
6. Blues , Nathan MacKinnon 34 (Filip Forsberg 44, Jacob Slavin 22) at 5:24
Penalties :
Drew Shore (Stl) for Holding (Minor) at 16:55
Goalie Stats
Matt Murray (Dal), 25 saves from 27 shots - (0.926), W, 32-20-7, 60:00 minutes
Carey Price (Stl), 14 saves from 18 shots - (0.778), L, 37-16-5, 43:49 minutes
Thomas McCollum (Stl), 8 saves from 8 shots - (1.000), 16:11 minutes
Players Stats for Stars
Player Name G A P +/- PIM S H SB GA TA FO MP PP MP PK MP
------------------------------------------------------------------------------------
Alex Chiasson 1 0 1 2 0 2 1 1 1 0 1/1 16:55 3:11 1:42
Andrej Sustr 0 0 0 1 2 0 3 2 0 2 0/0 20:50 3:13 1:29
Andrew Ladd 0 0 0 2 0 0 4 0 0 0 0/0 17:46 3:11 2:30
Boris Valabik 0 1 1 -1 0 0 2 2 0 1 0/0 29:23 5:12 3:44
Brian Lee 1 0 1 -1 0 2 5 2 0 0 0/0 28:12 4:44 3:26
Cam Atkinson 0 0 0 1 0 0 0 0 0 0 0/1 11:07 0:00 0:00
Evgeny Grachev 0 0 0 1 0 2 2 0 0 1 2/6 12:31 0:00 1:06
Evgeny Kuznetsov 0 0 0 0 0 1 1 0 0 0 0/0 7:24 0:00 0:22
Guillaume Latendresse 0 0 0 -2 0 0 0 0 1 0 2/4 23:30 4:46 2:52
John Tavares 0 1 1 -2 2 6 1 1 0 0 17/38 22:37 4:46 1:54
Jonathan Drouin 0 0 0 0 0 0 2 1 0 0 0/0 7:59 0:00 0:35
Michael Grabner 1 1 2 -2 2 6 1 0 1 0 0/6 21:02 4:46 0:00
Paul Ladue 0 1 1 1 0 0 1 0 0 1 0/0 18:34 2:15 2:31
Robert Nilsson 0 1 1 2 0 2 4 0 0 0 2/5 15:39 3:11 0:53
Scott Kosmachuck 0 0 0 0 0 2 1 0 0 1 0/0 6:58 0:00 0:00
Tobias Rieder 1 0 1 1 0 3 1 1 1 0 0/0 10:44 0:00 0:00
Tyler Wotherspoon 0 0 0 1 0 0 0 1 0 2 0/0 12:26 0:30 0:44
Tyson Barrie 0 0 0 1 0 0 0 1 0 0 0/0 10:23 0:00 0:00
Players Stats for Blues
Player Name G A P +/- PIM S H SB GA TA FO MP PP MP PK MP
------------------------------------------------------------------------------------
Adam Henrique 0 0 0 0 2 0 1 0 0 0 10/17 16:23 3:19 1:29
Alex Pietrangelo 0 0 0 0 2 2 2 2 0 0 0/0 25:27 3:46 2:02
Brandon Montour 0 0 0 -1 0 2 1 0 0 0 0/0 15:59 2:11 0:12
Cody Ceci 0 0 0 0 0 0 1 1 0 1 0/0 18:54 0:00 5:43
Danton Heinen 0 0 0 0 0 0 0 0 0 0 0/0 6:13 0:00 0:00
David Perron 0 0 0 0 2 4 0 0 0 0 0/0 15:12 2:38 0:54
Devin Setoguchi 0 1 1 -2 0 0 1 2 0 0 0/0 10:42 0:07 0:00
Devin Shore 1 0 1 -2 0 1 0 0 0 0 2/7 13:06 0:00 2:14
Drew Shore 0 0 0 0 2 1 1 0 0 0 7/9 9:53 0:00 4:05
Filip Forsberg 0 1 1 1 0 2 0 0 1 0 1/1 21:05 3:12 0:16
Jacob Slavin 0 1 1 0 0 1 0 0 0 1 0/0 25:53 3:46 2:14
Martin Marincin 0 0 0 -1 0 1 0 1 0 0 0/0 16:06 0:00 5:43
Matt Martin 0 1 1 -2 0 1 2 0 1 0 0/0 10:27 0:00 0:00
Nathan MacKinnon 1 0 1 1 0 5 4 0 0 0 16/26 20:15 2:38 0:09
Nikolaj Ehlers 0 0 0 1 0 2 1 2 0 1 0/0 20:30 2:38 0:00
Samuel Morin 0 0 0 0 2 0 0 0 1 0 0/0 7:27 0:00 1:18
Seth Jones 0 0 0 0 0 2 1 0 4 1 0/0 18:01 2:11 0:00
Tyler Johnson 0 0 0 0 0 3 3 0 1 0 1/1 20:25 3:19 5:29
3 Stars
1 - Alex Chiasson (Dal)
2 - Robert Nilsson (Dal)
3 - Brian Lee (Dal)
Power Play
Stars - 1 on 5 Attempt(s) - 20.00%
Blues - 0 on 3 Attempt(s) - 0.00%
Penalty Kill
Stars - 3 on 3 Attempt(s) - 100.00%
- Score 0 goal in Penalty Kill
Blues - 4 on 5 Attempt(s) - 80.00%
- Score 0 goal in Penalty Kill
Team Stat
Stars - Hits : 29 - Faceoff Wins : 24 - Blocked Shots : 12 - Penalty Minutes : 6
Blues - Hits : 18 - Faceoff Wins : 37 - Blocked Shots : 8 - Penalty Minutes : 10
Official
Referees : Frederick L'Ecuyer and TJ Luxmore
Linesman : Kyle Flemington and Mark Shewchyk
Game Notes
Thomas McCollum enters game at 3:49 of 3rd period
Paul Ladue is injured at 13:29 of 3rd period (Broken Bone (Left Ankle))
Finance
Level 1 -- Attendance: 6000 (100.00%) -- Ticket Income $600,000
Level 2 -- Attendance: 5000 (100.00%) -- Ticket Income $300,000
Level 3 -- Attendance: 2000 (100.00%) -- Ticket Income $70,000
Level 4 -- Attendance: 4000 (100.00%) -- Ticket Income $100,000
Luxury Box -- Attendance: 915 (91.50%) -- Ticket Income $183,000
Game was played at the Enterprise Center.
Total Attendance: 17915 (99.53%)
Total Ticket Income: $1,253,000
Other Income: $187,950
Total Income: $1,440,950
Stars
5 vs 5 Forward
Center Left Wing Right Wing Time % Phy DF OF
1 John Tavares Guillaume Latendresse Michael Grabner 40 1 2 2
2 Robert Nilsson Andrew Ladd Alex Chiasson 30 1 2 2
3 Evgeny Grachev Tobias Rieder Cam Atkinson 20 1 2 2
4 Evgeny Kuznetsov Jonathan Drouin Scott Kosmachuck 10 1 2 2
5 vs 5 Defense
Defense Defense Time % Phy DF OF
1 Boris Valabik Brian Lee 40 1 2 2
2 Andrej Sustr Paul Ladue 30 1 2 2
3 Tyler Wotherspoon Tyson Barrie 20 1 2 2
4 Boris Valabik Brian Lee 10 1 2 2
PowerPlay Forward
Center Left Wing Right Wing Time % Phy DF OF
1 John Tavares Guillaume Latendresse Michael Grabner 60 0 2 3
2 Robert Nilsson Andrew Ladd Alex Chiasson 40 0 2 3
PowerPlay Defense
Defense Defense Time % Phy DF OF
1 Boris Valabik Brian Lee 60 1 2 2
2 Andrej Sustr Paul Ladue 40 1 2 2
Penalty Kill 4 Players Forward
Center Wing Time % Phy DF OF
1 John Tavares Guillaume Latendresse 60 1 2 2
2 Robert Nilsson Andrew Ladd 40 1 2 2
Penalty Kill 4 Players Defense
Defense Defense Time % Phy DF OF
1 Boris Valabik Brian Lee 60 0 3 2
2 Andrej Sustr Paul Ladue 40 0 3 2
Penalty Kill - 3 Players Forward
Forward Time % Phy DF OF
1 John Tavares 60 1 2 2
2 Robert Nilsson 40 1 2 2
Penalty Kill - 3 Players Defense
Defense Defense Time % Phy DF OF
1 Boris Valabik Brian Lee 60 0 3 2
2 Andrej Sustr Paul Ladue 40 0 3 2
4 vs 4 Forward
Center Wing Time % Phy DF OF
1 John Tavares Guillaume Latendresse 60 0 2 3
2 Robert Nilsson Andrew Ladd 40 0 2 3
4 vs 4 Defense
Defense Defense Time % Phy DF OF
1 Boris Valabik Brian Lee 60 1 2 2
2 Andrej Sustr Paul Ladue 40 1 2 2
Last Minutes Offensive
Center Left Wing Right Wing Defense Defense
John Tavares Guillaume Latendresse Michael Grabner Boris Valabik Brian Lee
Last Minutes Defensive
Center Left Wing Right Wing Defense Defense
John Tavares Guillaume Latendresse Michael Grabner Boris Valabik Brian Lee
Goaltenders
Starting : Matt Murray
Backup : Jhonas Enroth
Extra Forwards
Normal : Alex Chiasson, Andrew Ladd, Cam Atkinson - PP : Alex Chiasson, Andrew Ladd - PK : Alex Chiasson
Extra Defensemen
Normal : Paul Ladue, Tyler Wotherspoon, Tyson Barrie - PP : Paul Ladue - PK : Paul Ladue, Tyler Wotherspoon
Penalty Shots
John Tavares, Michael Grabner, Guillaume Latendresse, Robert Nilsson, Alex Chiasson
Scratches
Tyler Brenner (Healthy)
Blues
5 vs 5 Forward
Center Left Wing Right Wing Time % Phy DF OF
1 Nathan MacKinnon Filip Forsberg Nikolaj Ehlers 40 1 2 2
2 Adam Henrique David Perron Tyler Johnson 30 1 2 2
3 Devin Shore Matt Martin Devin Setoguchi 20 1 2 2
4 Drew Shore Samuel Morin Danton Heinen 10 1 2 2
5 vs 5 Defense
Defense Defense Time % Phy DF OF
1 Alex Pietrangelo Jacob Slavin 40 1 2 2
2 Cody Ceci Seth Jones 30 1 2 2
3 Martin Marincin Brandon Montour 20 1 2 2
4 Seth Jones Brandon Montour 10 1 2 2
PowerPlay Forward
Center Left Wing Right Wing Time % Phy DF OF
1 Adam Henrique Filip Forsberg Tyler Johnson 60 1 2 2
2 Nathan MacKinnon David Perron Nikolaj Ehlers 40 1 2 2
PowerPlay Defense
Defense Defense Time % Phy DF OF
1 Alex Pietrangelo Jacob Slavin 60 1 2 2
2 Brandon Montour Seth Jones 40 1 2 2
Penalty Kill 4 Players Forward
Center Wing Time % Phy DF OF
1 Drew Shore Tyler Johnson 60 1 2 2
2 Devin Shore Samuel Morin 40 1 2 2
Penalty Kill 4 Players Defense
Defense Defense Time % Phy DF OF
1 Cody Ceci Martin Marincin 60 1 2 2
2 Jacob Slavin Alex Pietrangelo 40 1 2 2
Penalty Kill - 3 Players Forward
Forward Time % Phy DF OF
1 Devin Shore 60 1 2 2
2 Drew Shore 40 1 2 2
Penalty Kill - 3 Players Defense
Defense Defense Time % Phy DF OF
1 Cody Ceci Martin Marincin 60 1 2 2
2 Seth Jones Brandon Montour 40 1 2 2
4 vs 4 Forward
Center Wing Time % Phy DF OF
1 Adam Henrique Filip Forsberg 60 1 2 2
2 Nathan MacKinnon Tyler Johnson 40 1 2 2
4 vs 4 Defense
Defense Defense Time % Phy DF OF
1 Alex Pietrangelo Martin Marincin 60 1 2 2
2 Brandon Montour Seth Jones 40 1 2 2
Last Minutes Offensive
Center Left Wing Right Wing Defense Defense
Nathan MacKinnon Filip Forsberg Tyler Johnson Alex Pietrangelo Seth Jones
Last Minutes Defensive
Center Left Wing Right Wing Defense Defense
Drew Shore Samuel Morin Tyler Johnson Cody Ceci Martin Marincin
Goaltenders
Starting : Carey Price
Backup : Thomas McCollum
Extra Forwards
Normal : Nikolaj Ehlers, Devin Shore, Danton Heinen - PP : Devin Setoguchi, Devin Shore - PK : Tyler Johnson
Extra Defensemen
Normal : Martin Marincin, Brandon Montour, Jacob Slavin - PP : Brandon Montour - PK : Alex Pietrangelo, Brandon Montour
Penalty Shots
David Perron, Matt Martin, Filip Forsberg, Devin Shore, Tyler Johnson
Scratches
Linus Omark (Healthy), Patrick Kaleta (Healthy)
% Time on Ice - Stars
Lines # - Real PCT - Wanted PCT - Time Play
Normal Forward
1 - 36% - 40% - 16:49
2 - 25% - 30% - 11:35
3 - 23% - 20% - 10:44
4 - 15% - 10% - 6:58
Normal Defense
1 - 40% - 40% - 18:30
2 - 35% - 30% - 16:08
3 - 22% - 20% - 9:56
4 - 3% - 10% - 1:32
PP Forward
1 - 60% - 60% - 4:46
2 - 40% - 40% - 3:11
PP Defense
1 - 60% - 60% - 4:44
2 - 40% - 40% - 3:13
PK Forward
1 - 85% - 60% - 5:04
2 - 15% - 40% - 0:53
PK Defense
1 - 58% - 60% - 3:26
2 - 42% - 40% - 2:31
PK3 Forward
1 - 0% - 60%
2 - 0% - 40%
PK3 Defense
1 - 0% - 60%
2 - 0% - 40%
44 Forward
1 - 0% - 60%
2 - 0% - 40%
44 Defense
1 - 0% - 60%
2 - 0% - 40%
Last Minute Offensive - 0:00
Last Minute Defensive - 0:00
Total
Forward - 60:00
Defense - 60:00
|
% Time on Ice - Blues
Lines # - Real PCT - Wanted PCT - Time Play
Normal Forward
1 - 38% - 40% - 17:24
2 - 27% - 30% - 12:26
3 - 23% - 20% - 10:27
4 - 13% - 10% - 5:49
Normal Defense
1 - 43% - 40% - 19:44
2 - 30% - 30% - 13:46
3 - 20% - 20% - 9:09
4 - 7% - 10% - 3:27
PP Forward
1 - 56% - 60% - 3:19
2 - 44% - 40% - 2:38
PP Defense
1 - 63% - 60% - 3:46
2 - 37% - 40% - 2:11
PK Forward
1 - 84% - 60% - 6:39
2 - 16% - 40% - 1:18
PK Defense
1 - 72% - 60% - 5:43
2 - 28% - 40% - 2:14
PK3 Forward
1 - 0% - 60%
2 - 0% - 40%
PK3 Defense
1 - 0% - 60%
2 - 0% - 40%
44 Forward
1 - 0% - 60%
2 - 0% - 40%
44 Defense
1 - 0% - 60%
2 - 0% - 40%
Last Minute Offensive - 0:00
Last Minute Defensive - 0:00
Total
Forward - 60:00
Defense - 60:00
|
Play-by-Play
1st period
0:01 of 1st period - Nathan MacKinnon wins face-off versus Michael Grabner in neutral zone.
0:27 of 1st period - Alex Pietrangelo is hit by Alex Chiasson and loses puck.
0:56 of 1st period - Wrist shot by Tobias Rieder.
0:56 of 1st period - Stopped by Carey Price with a rebound.
1:40 of 1st period - Icing by Boris Valabik.
1:41 of 1st period - Adam Henrique wins face-off versus John Tavares in Stars zone.
2:00 of 1st period - Slapshot by John Tavares.
2:00 of 1st period - Shot Misses the Net.
3:16 of 1st period - Brandon Montour is hit by Michael Grabner and loses puck.
3:43 of 1st period - Snap shot by Tobias Rieder.
3:43 of 1st period - Deflect By Brandon Montour.
3:43 of 1st period - Stopped by Carey Price without a rebound.
3:44 of 1st period - Nathan MacKinnon wins face-off versus Robert Nilsson in Blues zone.
3:44 of 1st period - Nathan MacKinnon is hit by Robert Nilsson.
3:50 of 1st period - Wrist shot by Nathan MacKinnon.
3:50 of 1st period - Stopped by Matt Murray without a rebound.
3:51 of 1st period - Nathan MacKinnon wins face-off versus Robert Nilsson in Stars zone.
5:09 of 1st period - Off-side.
5:10 of 1st period - Tyler Johnson wins face-off versus John Tavares in neutral zone.
5:12 of 1st period - Off-side.
5:13 of 1st period - Adam Henrique wins face-off versus John Tavares in neutral zone.
5:29 of 1st period - Snap shot by Michael Grabner.
5:29 of 1st period - Shot Misses the Net.
5:35 of 1st period - Minor Penalty to David Perron for Hooking.
5:36 of 1st period - Drew Shore wins face-off versus John Tavares in Blues zone.
6:11 of 1st period - Devin Shore is hit by Andrew Ladd and loses puck.
7:02 of 1st period - Icing by Brian Lee.
7:03 of 1st period - Drew Shore wins face-off versus John Tavares in Stars zone.
7:26 of 1st period - Martin Marincin is hit by Andrej Sustr and loses puck.
7:35 of 1st period - Penalty to David Perron is over, David Perron is back on ice.
8:11 of 1st period - Wrist shot by Nathan MacKinnon.
8:11 of 1st period - Stopped by Matt Murray without a rebound.
8:12 of 1st period - Adam Henrique wins face-off versus Evgeny Grachev in Stars zone.
8:13 of 1st period - Snap shot by Tyler Johnson.
8:13 of 1st period - Stopped by Matt Murray with a rebound.
9:03 of 1st period - Andrew Ladd is hit by Drew Shore and loses puck.
9:22 of 1st period - Tyler Wotherspoon is hit by Seth Jones and loses puck.
9:44 of 1st period - Snap shot by Evgeny Kuznetsov.
9:44 of 1st period - Stopped by Carey Price without a rebound.
9:45 of 1st period - Adam Henrique wins face-off versus Evgeny Grachev in Blues zone.
9:45 of 1st period - Adam Henrique is hit by Brian Lee.
10:17 of 1st period - Minor Penalty to Michael Grabner for Interference.
10:18 of 1st period - Adam Henrique wins face-off versus John Tavares in Stars zone.
10:20 of 1st period - Slapshot by Alex Pietrangelo.
10:20 of 1st period - Deflect By Tyler Johnson.
10:20 of 1st period - Shot Misses the Net.
10:20 of 1st period - Puck is out of play.
10:21 of 1st period - Adam Henrique wins face-off versus John Tavares in Stars zone.
10:56 of 1st period - Snap shot by Nathan MacKinnon.
10:56 of 1st period - Shot Blocked by John Tavares.
12:13 of 1st period - Jonathan Drouin is hit by Tyler Johnson and loses puck.
12:17 of 1st period - Penalty to Michael Grabner is over, Michael Grabner is back on ice.
12:47 of 1st period - Snap shot by Matt Martin.
12:47 of 1st period - Stopped by Matt Murray with a rebound.
12:49 of 1st period - Snap shot by Devin Shore.
12:49 of 1st period - Shot Blocked by Tyson Barrie.
13:29 of 1st period - Samuel Morin is hit by Jonathan Drouin and loses puck.
14:01 of 1st period - Guillaume Latendresse is hit by Devin Setoguchi.
14:27 of 1st period - Icing by Cody Ceci.
14:28 of 1st period - Evgeny Grachev wins face-off versus Devin Shore in Blues zone.
14:32 of 1st period - Icing by Cody Ceci.
14:33 of 1st period - John Tavares wins face-off versus Devin Shore in Blues zone.
14:34 of 1st period - Snap shot by Michael Grabner.
14:34 of 1st period - Stopped by Carey Price with a rebound.
15:03 of 1st period - Slapshot by Seth Jones.
15:03 of 1st period - Stopped by Matt Murray without a rebound.
15:04 of 1st period - Nathan MacKinnon wins face-off versus John Tavares in Stars zone.
15:13 of 1st period - Slapshot by John Tavares.
15:13 of 1st period - Shot Misses the Net.
15:39 of 1st period - Minor Penalty to Andrej Sustr for Tripping.
15:40 of 1st period - John Tavares wins face-off versus Adam Henrique in Stars zone.
17:39 of 1st period - Penalty to Andrej Sustr is over, Andrej Sustr is back on ice.
18:31 of 1st period - Jacob Slavin is hit by Andrew Ladd and loses puck.
18:46 of 1st period - Michael Grabner is hit by Cody Ceci.
19:27 of 1st period - Minor Penalty to Alex Pietrangelo for High sticking.
19:28 of 1st period - Drew Shore wins face-off versus John Tavares in Blues zone.
19:41 of 1st period - Snap shot by Michael Grabner.
19:41 of 1st period - Shot Misses the Net.
19:43 of 1st period - Slapshot by John Tavares.
19:43 of 1st period - Shot Misses the Net.
19:45 of 1st period - Slapshot by Michael Grabner.
19:45 of 1st period - Shot Blocked by Cody Ceci.
19:55 of 1st period - Andrew Ladd is hit by Tyler Johnson and loses puck.
Goals for this period are 0 for Stars vs 0 for Blues.
Shots for this period are 4 for Stars vs 5 for Blues.
2nd period
0:01 of 2nd period - Drew Shore wins face-off versus Guillaume Latendresse in neutral zone.
0:10 of 2nd period - Snap shot by Drew Shore.
0:10 of 2nd period - Shot Misses the Net.
0:16 of 2nd period - Wrist shot by Brian Lee.
0:16 of 2nd period - Stopped by Carey Price without a rebound.
0:17 of 2nd period - Drew Shore wins face-off versus John Tavares in Blues zone.
0:44 of 2nd period - Drew Shore is hit by Robert Nilsson and loses puck.
1:27 of 2nd period - Penalty to Alex Pietrangelo is over, Alex Pietrangelo is back on ice.
1:40 of 2nd period - Jacob Slavin is hit by Tobias Rieder and loses puck.
2:00 of 2nd period - Snap shot by Nathan MacKinnon.
2:00 of 2nd period - Stopped by Matt Murray with a rebound.
2:26 of 2nd period - Wrist shot by John Tavares.
2:26 of 2nd period - Stopped by Carey Price without a rebound.
2:27 of 2nd period - John Tavares wins face-off versus Devin Shore in Blues zone.
2:28 of 2nd period - Snap shot by Michael Grabner.
2:28 of 2nd period - Shot Blocked by Devin Setoguchi.
2:34 of 2nd period - Wrist shot by Michael Grabner.
2:34 of 2nd period - Stopped by Carey Price without a rebound.
2:35 of 2nd period - Nathan MacKinnon wins face-off versus John Tavares in Blues zone.
2:46 of 2nd period - Slapshot by Seth Jones.
2:46 of 2nd period - Deflect By Boris Valabik.
2:46 of 2nd period - Stopped by Matt Murray without a rebound.
2:47 of 2nd period - John Tavares wins face-off versus Nathan MacKinnon in Stars zone.
2:56 of 2nd period - Slapshot by John Tavares.
2:56 of 2nd period - Stopped by Carey Price with a rebound.
3:19 of 2nd period - Snap shot by Alex Chiasson.
3:19 of 2nd period - Goal by Alex Chiasson - Stars : 1 - Blues : 0.
3:20 of 2nd period - Nathan MacKinnon wins face-off versus Michael Grabner in neutral zone.
3:35 of 2nd period - Snap shot by Nikolaj Ehlers.
3:35 of 2nd period - Stopped by Matt Murray with a rebound.
3:47 of 2nd period - Adam Henrique is hit by Brian Lee.
3:55 of 2nd period - Boris Valabik is hit by Adam Henrique and loses puck.
4:52 of 2nd period - Matt Martin is hit by Scott Kosmachuck and loses puck.
5:39 of 2nd period - Wrist shot by Tyler Johnson.
5:39 of 2nd period - Shot Blocked by Tyler Wotherspoon.
5:56 of 2nd period - Minor Penalty to Samuel Morin for Roughing.
5:57 of 2nd period - John Tavares wins face-off versus Drew Shore in Blues zone.
5:57 of 2nd period - Snap shot by Michael Grabner.
5:57 of 2nd period - Goal by Michael Grabner - Stars : 2 - Blues : 0.
5:58 of 2nd period - Guillaume Latendresse wins face-off versus Nathan MacKinnon in neutral zone.
6:01 of 2nd period - Snap shot by Michael Grabner.
6:01 of 2nd period - Stopped by Carey Price with a rebound.
6:05 of 2nd period - Snap shot by John Tavares.
6:05 of 2nd period - Shot Blocked by Alex Pietrangelo.
6:07 of 2nd period - Snap shot by Boris Valabik.
6:07 of 2nd period - Shot Blocked by Alex Pietrangelo.
6:09 of 2nd period - Backhand shot by John Tavares.
6:09 of 2nd period - Shot Misses the Net.
6:11 of 2nd period - Snap shot by John Tavares.
6:11 of 2nd period - Stopped by Carey Price without a rebound.
6:12 of 2nd period - Nathan MacKinnon wins face-off versus John Tavares in Blues zone.
6:19 of 2nd period - Michael Grabner is hit by Nathan MacKinnon and loses puck.
7:05 of 2nd period - Wrist shot by Alex Pietrangelo.
7:05 of 2nd period - Deflect By David Perron.
7:05 of 2nd period - Stopped by Matt Murray with a rebound.
7:07 of 2nd period - Wrist shot by Alex Pietrangelo.
7:07 of 2nd period - Shot Blocked by Andrej Sustr.
7:17 of 2nd period - Slapshot by Alex Pietrangelo.
7:17 of 2nd period - Deflect By Evgeny Grachev.
7:17 of 2nd period - Stopped by Matt Murray without a rebound.
7:18 of 2nd period - Evgeny Grachev wins face-off versus Nathan MacKinnon in Stars zone.
7:49 of 2nd period - Wrist shot by Samuel Morin.
7:49 of 2nd period - Shot Misses the Net.
7:56 of 2nd period - Minor Penalty to John Tavares for Holding.
7:57 of 2nd period - Alex Chiasson wins face-off versus Adam Henrique in Stars zone.
9:56 of 2nd period - Penalty to John Tavares is over, John Tavares is back on ice.
10:05 of 2nd period - Seth Jones is hit by Boris Valabik and loses puck.
10:37 of 2nd period - Seth Jones is hit by Paul Ladue and loses puck.
11:08 of 2nd period - Tyler Wotherspoon is hit by Brandon Montour and loses puck.
12:02 of 2nd period - Jacob Slavin is hit by Jonathan Drouin and loses puck.
12:17 of 2nd period - Slapshot by Alex Pietrangelo.
12:17 of 2nd period - Deflect By Robert Nilsson.
12:17 of 2nd period - Stopped by Matt Murray without a rebound.
12:18 of 2nd period - Nathan MacKinnon wins face-off versus John Tavares in Stars zone.
12:19 of 2nd period - Slapshot by Filip Forsberg.
12:19 of 2nd period - Shot Misses the Net.
12:36 of 2nd period - Icing by Alex Pietrangelo.
12:37 of 2nd period - Nathan MacKinnon wins face-off versus Robert Nilsson in Blues zone.
12:37 of 2nd period - Nathan MacKinnon is hit by Robert Nilsson.
12:43 of 2nd period - Snap shot by David Perron.
12:43 of 2nd period - Shot Misses the Net.
12:49 of 2nd period - Snap shot by Tyler Johnson.
12:49 of 2nd period - Shot Blocked by Alex Chiasson.
12:55 of 2nd period - Wrist shot by Tyler Johnson.
12:55 of 2nd period - Shot Misses the Net.
13:15 of 2nd period - Slapshot by Guillaume Latendresse.
13:15 of 2nd period - Shot Blocked by Nikolaj Ehlers.
14:19 of 2nd period - Wrist shot by Alex Chiasson.
14:19 of 2nd period - Shot Misses the Net.
14:33 of 2nd period - Snap shot by Michael Grabner.
14:33 of 2nd period - Deflect By Nathan MacKinnon.
14:33 of 2nd period - Shot Misses the Net.
14:33 of 2nd period - Puck is out of play.
14:34 of 2nd period - Nathan MacKinnon wins face-off versus Michael Grabner in Blues zone.
14:40 of 2nd period - Snap shot by Michael Grabner.
14:40 of 2nd period - Stopped by Carey Price without a rebound.
14:41 of 2nd period - Nathan MacKinnon wins face-off versus John Tavares in Blues zone.
14:41 of 2nd period - Nathan MacKinnon is hit by John Tavares.
14:53 of 2nd period - Snap shot by Michael Grabner.
14:53 of 2nd period - Stopped by Carey Price without a rebound.
14:54 of 2nd period - Filip Forsberg wins face-off versus John Tavares in Blues zone.
15:26 of 2nd period - Wrist shot by Tyler Johnson.
15:26 of 2nd period - Stopped by Matt Murray with a rebound.
16:01 of 2nd period - Slapshot by Tyler Johnson.
16:01 of 2nd period - Shot Hit the Post.
16:03 of 2nd period - Snap shot by Adam Henrique.
16:03 of 2nd period - Shot Blocked by Boris Valabik.
16:05 of 2nd period - Snap shot by Martin Marincin.
16:05 of 2nd period - Stopped by Matt Murray with a rebound.
16:07 of 2nd period - Wrist shot by David Perron.
16:07 of 2nd period - Shot Misses the Net.
16:09 of 2nd period - Wrist shot by Tyler Johnson.
16:09 of 2nd period - Deflect By Adam Henrique.
16:09 of 2nd period - Shot Blocked by Brian Lee.
16:09 of 2nd period - Puck is out of play.
16:10 of 2nd period - Nathan MacKinnon wins face-off versus John Tavares in Stars zone.
16:11 of 2nd period - Snap shot by Filip Forsberg.
16:11 of 2nd period - Stopped by Matt Murray with a rebound.
16:13 of 2nd period - Wrist shot by Nikolaj Ehlers.
16:13 of 2nd period - Shot Blocked by Andrej Sustr.
16:15 of 2nd period - Slapshot by Jacob Slavin.
16:15 of 2nd period - Deflect By Nathan MacKinnon.
16:15 of 2nd period - Stopped by Matt Murray without a rebound.
16:16 of 2nd period - Nathan MacKinnon wins face-off versus Michael Grabner in Stars zone.
16:25 of 2nd period - Nikolaj Ehlers is hit by Andrej Sustr and loses puck.
17:01 of 2nd period - Tobias Rieder is hit by Alex Pietrangelo and loses puck.
17:08 of 2nd period - Alex Pietrangelo is hit by Evgeny Grachev and loses puck.
18:05 of 2nd period - Slapshot by Brian Lee.
18:05 of 2nd period - Goal by Brian Lee - Stars : 3 - Blues : 0.
18:06 of 2nd period - John Tavares wins face-off versus Nathan MacKinnon in neutral zone.
18:06 of 2nd period - John Tavares is hit by Nathan MacKinnon.
18:18 of 2nd period - Snap shot by Guillaume Latendresse.
18:18 of 2nd period - Shot Misses the Net.
18:41 of 2nd period - Wrist shot by Robert Nilsson.
18:41 of 2nd period - Deflect By Seth Jones.
18:41 of 2nd period - Shot Misses the Net.
18:41 of 2nd period - Puck is out of play.
18:42 of 2nd period - John Tavares wins face-off versus Adam Henrique in Blues zone.
18:50 of 2nd period - Minor Penalty to Adam Henrique for Hooking.
18:51 of 2nd period - John Tavares wins face-off versus Drew Shore in Blues zone.
19:23 of 2nd period - Snap shot by Andrew Ladd.
19:23 of 2nd period - Shot Misses the Net.
Goals for this period are 3 for Stars vs 0 for Blues.
Shots for this period are 11 for Stars vs 10 for Blues.
3rd period
0:01 of 3rd period - Drew Shore wins face-off versus Michael Grabner in neutral zone.
0:10 of 3rd period - Wrist shot by Drew Shore.
0:10 of 3rd period - Stopped by Matt Murray without a rebound.
0:11 of 3rd period - Drew Shore wins face-off versus John Tavares in Stars zone.
0:24 of 3rd period - Wrist shot by John Tavares.
0:24 of 3rd period - Shot Misses the Net.
0:37 of 3rd period - Cody Ceci is hit by Boris Valabik and loses puck.
0:44 of 3rd period - Wrist shot by Andrew Ladd.
0:44 of 3rd period - Shot Blocked by Martin Marincin.
0:50 of 3rd period - Penalty to Adam Henrique is over, Adam Henrique is back on ice.
1:18 of 3rd period - Alex Pietrangelo is hit by Evgeny Kuznetsov and loses puck.
2:03 of 3rd period - Slapshot by Filip Forsberg.
2:03 of 3rd period - Shot Misses the Net.
2:41 of 3rd period - Wrist shot by Alex Pietrangelo.
2:41 of 3rd period - Shot Misses the Net.
2:43 of 3rd period - Wrist shot by Jacob Slavin.
2:43 of 3rd period - Stopped by Matt Murray without a rebound.
2:44 of 3rd period - John Tavares wins face-off versus Devin Shore in Stars zone.
2:56 of 3rd period - Slapshot by John Tavares.
2:56 of 3rd period - Stopped by Carey Price without a rebound.
2:57 of 3rd period - Nathan MacKinnon wins face-off versus John Tavares in Blues zone.
3:24 of 3rd period - David Perron is hit by Brian Lee and loses puck.
3:33 of 3rd period - Snap shot by Robert Nilsson.
3:33 of 3rd period - Stopped by Carey Price with a rebound.
3:49 of 3rd period - Wrist shot by Tobias Rieder.
3:49 of 3rd period - Goal by Tobias Rieder - Stars : 4 - Blues : 0.
3:49 of 3rd period - Thomas McCollum enters game.
3:50 of 3rd period - Guillaume Latendresse wins face-off versus Nathan MacKinnon in neutral zone.
4:17 of 3rd period - Snap shot by Evgeny Grachev.
4:17 of 3rd period - Stopped by Thomas McCollum with a rebound.
4:19 of 3rd period - Wrist shot by Evgeny Grachev.
4:19 of 3rd period - Stopped by Thomas McCollum without a rebound.
4:20 of 3rd period - Adam Henrique wins face-off versus Evgeny Grachev in Blues zone.
4:20 of 3rd period - Adam Henrique is hit by Evgeny Grachev.
4:54 of 3rd period - Icing by Devin Shore.
4:55 of 3rd period - Devin Shore wins face-off versus Michael Grabner in Blues zone.
5:06 of 3rd period - Snap shot by Devin Setoguchi.
5:06 of 3rd period - Shot Blocked by Boris Valabik.
5:08 of 3rd period - Snap shot by Devin Shore.
5:08 of 3rd period - Goal by Devin Shore - Stars : 4 - Blues : 1.
5:09 of 3rd period - John Tavares wins face-off versus Nathan MacKinnon in neutral zone.
5:24 of 3rd period - Snap shot by Nathan MacKinnon.
5:24 of 3rd period - Goal by Nathan MacKinnon - Stars : 4 - Blues : 2.
5:25 of 3rd period - John Tavares wins face-off versus Nathan MacKinnon in neutral zone.
6:43 of 3rd period - Snap shot by Scott Kosmachuck.
6:43 of 3rd period - Stopped by Thomas McCollum without a rebound.
6:44 of 3rd period - Adam Henrique wins face-off versus John Tavares in Blues zone.
6:51 of 3rd period - John Tavares is hit by Alex Pietrangelo and loses puck.
7:15 of 3rd period - Nathan MacKinnon is hit by Andrew Ladd and loses puck.
7:24 of 3rd period - Wrist shot by Andrew Ladd.
7:24 of 3rd period - Shot Misses the Net.
7:42 of 3rd period - Wrist shot by Scott Kosmachuck.
7:42 of 3rd period - Stopped by Thomas McCollum without a rebound.
7:43 of 3rd period - John Tavares wins face-off versus Adam Henrique in Blues zone.
8:27 of 3rd period - Brandon Montour is hit by Andrew Ladd and loses puck.
8:42 of 3rd period - Devin Setoguchi is hit by Brian Lee and loses puck.
8:57 of 3rd period - Snap shot by Brandon Montour.
8:57 of 3rd period - Stopped by Matt Murray without a rebound.
8:58 of 3rd period - John Tavares wins face-off versus Nathan MacKinnon in Stars zone.
9:07 of 3rd period - Nikolaj Ehlers is hit by Andrej Sustr and loses puck.
9:12 of 3rd period - Slapshot by John Tavares.
9:12 of 3rd period - Stopped by Thomas McCollum with a rebound.
9:14 of 3rd period - Wrist shot by John Tavares.
9:14 of 3rd period - Deflect By Guillaume Latendresse.
9:14 of 3rd period - Shot Misses the Net.
9:14 of 3rd period - Puck is out of play.
9:15 of 3rd period - Adam Henrique wins face-off versus Evgeny Grachev in Blues zone.
9:20 of 3rd period - Paul Ladue is hit by Tyler Johnson and loses puck.
9:42 of 3rd period - Off-side.
9:43 of 3rd period - Nathan MacKinnon wins face-off versus Guillaume Latendresse in neutral zone.
9:50 of 3rd period - Wrist shot by Filip Forsberg.
9:50 of 3rd period - Deflect By Nathan MacKinnon.
9:50 of 3rd period - Shot Misses the Net.
9:50 of 3rd period - Puck is out of play.
9:51 of 3rd period - Nathan MacKinnon wins face-off versus John Tavares in Stars zone.
9:54 of 3rd period - Snap shot by Filip Forsberg.
9:54 of 3rd period - Shot Blocked by Brian Lee.
10:00 of 3rd period - Slapshot by Michael Grabner.
10:00 of 3rd period - Shot Blocked by Nikolaj Ehlers.
10:07 of 3rd period - Off-side.
10:08 of 3rd period - Robert Nilsson wins face-off versus Adam Henrique in neutral zone.
10:46 of 3rd period - Slapshot by Seth Jones.
10:46 of 3rd period - Shot Blocked by Tobias Rieder.
10:55 of 3rd period - Off-side.
10:56 of 3rd period - John Tavares wins face-off versus Devin Shore in neutral zone.
10:56 of 3rd period - Paul Ladue is hit by Matt Martin and loses puck.
11:01 of 3rd period - Slapshot by Andrej Sustr.
11:01 of 3rd period - Shot Blocked by Devin Setoguchi.
11:03 of 3rd period - Wrist shot by John Tavares.
11:03 of 3rd period - Stopped by Thomas McCollum with a rebound.
11:53 of 3rd period - Wrist shot by David Perron.
11:53 of 3rd period - Stopped by Matt Murray without a rebound.
11:54 of 3rd period - Adam Henrique wins face-off versus John Tavares in Stars zone.
11:57 of 3rd period - Wrist shot by David Perron.
11:57 of 3rd period - Stopped by Matt Murray with a rebound.
11:59 of 3rd period - Snap shot by David Perron.
11:59 of 3rd period - Stopped by Matt Murray with a rebound.
12:01 of 3rd period - Slapshot by David Perron.
12:01 of 3rd period - Shot Misses the Net.
12:03 of 3rd period - Snap shot by Adam Henrique.
12:03 of 3rd period - Shot Misses the Net.
12:05 of 3rd period - Wrist shot by Tyler Johnson.
12:05 of 3rd period - Stopped by Matt Murray with a rebound.
12:21 of 3rd period - Filip Forsberg is hit by Robert Nilsson and loses puck.
12:56 of 3rd period - Slapshot by Devin Setoguchi.
12:56 of 3rd period - Shot Misses the Net.
13:18 of 3rd period - Slapshot by Brandon Montour.
13:18 of 3rd period - Stopped by Matt Murray without a rebound.
13:19 of 3rd period - John Tavares wins face-off versus Nathan MacKinnon in Stars zone.
13:28 of 3rd period - Paul Ladue is hit by Nathan MacKinnon.
13:29 of 3rd period - Paul Ladue from Stars is injured at 13:29 of 3rd period (Broken Bone (Left Ankle)).
13:30 of 3rd period - John Tavares wins face-off versus Nathan MacKinnon in Stars zone.
13:30 of 3rd period - John Tavares is hit by Nathan MacKinnon.
13:46 of 3rd period - Snap shot by Filip Forsberg.
13:46 of 3rd period - Shot Misses the Net.
13:56 of 3rd period - John Tavares is hit by Matt Martin and loses puck.
14:27 of 3rd period - Wrist shot by Andrew Ladd.
14:27 of 3rd period - Shot Misses the Net.
14:29 of 3rd period - Snap shot by Andrew Ladd.
14:29 of 3rd period - Deflect By Alex Chiasson.
14:29 of 3rd period - Stopped by Thomas McCollum with a rebound.
15:42 of 3rd period - Evgeny Kuznetsov is hit by Nikolaj Ehlers and loses puck.
15:55 of 3rd period - Wrist shot by Filip Forsberg.
15:55 of 3rd period - Shot Blocked by Jonathan Drouin.
15:57 of 3rd period - Wrist shot by Nikolaj Ehlers.
15:57 of 3rd period - Stopped by Matt Murray with a rebound.
15:59 of 3rd period - Wrist shot by Filip Forsberg.
15:59 of 3rd period - Stopped by Matt Murray without a rebound.
16:00 of 3rd period - Devin Shore wins face-off versus Cam Atkinson in Stars zone.
16:00 of 3rd period - Devin Shore is hit by Brian Lee.
16:55 of 3rd period - Minor Penalty to Drew Shore for Holding.
16:56 of 3rd period - John Tavares wins face-off versus Adam Henrique in Blues zone.
17:00 of 3rd period - Snap shot by Michael Grabner.
17:00 of 3rd period - Shot Misses the Net.
17:21 of 3rd period - Icing by Michael Grabner.
17:22 of 3rd period - Robert Nilsson wins face-off versus Adam Henrique in Stars zone.
17:31 of 3rd period - Wrist shot by Robert Nilsson.
17:31 of 3rd period - Stopped by Thomas McCollum with a rebound.
17:53 of 3rd period - Snap shot by John Tavares.
17:53 of 3rd period - Shot Misses the Net.
18:55 of 3rd period - Penalty to Drew Shore is over, Drew Shore is back on ice.
Goals for this period are 1 for Stars vs 2 for Blues.
Shots for this period are 11 for Stars vs 12 for Blues.